[Event "WYCC 2018 G16"]
[Site "Halkidiki"]
[Date "2018.10.21"]
[Round "2"]
[White "Beydullayeva, Govhar"]
[Black "Hercog, Nusa"]
[Result "1-0"]
[ECO "A06"]
[WhiteElo "2202"]
[BlackElo "2017"]
[Annotator "NA"]
[PlyCount "117"]
[EventDate "2018.10.20"]
[EventType "swiss"]
[EventCountry "GRE"]
[SourceTitle "playchess.com"]
[Source "ChessBase"]
[SourceQuality "1"]
[TimeControl "40/5400+30:1800+30"]

1. Nf3 d5 2. g3 Nf6 3. Bg2 c6 4. O-O Bf5 5. c4 e6 6. cxd5 exd5 {[%emt 0:02:04] LiveBook: 290 Games} 7. d3 Nbd7 8. Nc3 Be7 {[%emt 0:02:17] A11: English Opening: 1...c6} 9. Qc2 Nc5 $146 ({Predecessor:} 9... O-O 10. e4 Bg6 11. Nh4 Nc5 12. Nxg6 hxg6 13. e5 Nfd7 14. d4 Ne6 15. Be3 Nb6 16. f4 {0-1 (37) Izoria,Z (2643)-Schneider,D (2502) Richardson 2007}) 10. b4 Ne6 11. e4 Bg6 12. Rb1 O-O 13. Nh4 dxe4 14. dxe4 Ng4 15. Nxg6 hxg6 16. Rd1 Qb6 17. h3 Ne5 18. Be3 Qc7 19. Bf1 Rfd8 20. f4 Nf3+ 21. Kg2 Nfd4 22. Qf2 Nb5 23. Bxb5 cxb5 $2 (23... Rxd1 $16 {might work better.} 24. Rxd1 Bxb4) 24. Nd5 Rxd5 25. exd5 Nf8 26. Rbc1 Qd7 27. Bc5 Re8 28. Bxe7 Rxe7 29. Qf3 Qd6 30. a3 a6 31. Re1 Rd7 32. Rc8 Rd8 33. Rxd8 Qxd8 34. Qe4 Qc7 35. Re2 Qd6 36. Qe5 Qd7 37. Rc2 f6 38. Qe4 Qd6 39. Kh2 Kf7 $1 $11 {[%emt 0:00:51] and Black is okay.} 40. Qd4 (40. Rc8 Qe7 41. Qxe7+ Kxe7 42. Rc7+ Nd7 43. Rxb7 g5 44. fxg5 fxg5) 40... Nd7 41. Qe4 f5 $2 {[%emt 0:08:30] [#]} 42. Qe6+ $1 Qxe6 43. dxe6+ Kxe6 44. Rc7 b6 45. Ra7 Kd6 46. Rxa6 Kc7 47. Ra8 g5 48. fxg5 g6 49. Rg8 Ne5 50. Kg2 Kd6 51. Kf2 Kd5 52. Ke3 Kd6 53. h4 Ke6 54. Re8+ Kd5 $18 55. h5 gxh5 56. Kf4 Nf7 57. g6 Nd6 58. Re5+ Kd4 59. g7 1-0

[Event "WYCC 2018 G16"]
[Site "Halkidiki"]
[Date "2018.10.21"]
[Round "2"]
[White "Getman, Tatyana"]
[Black "Bogdanic, Katarina"]
[Result "1-0"]
[ECO "E11"]
[WhiteElo "2195"]
[BlackElo "2014"]
[Annotator "NA"]
[PlyCount "75"]
[EventDate "2018.10.20"]
[EventType "swiss"]
[EventCountry "GRE"]
[SourceTitle "playchess.com"]
[Source "ChessBase"]
[SourceQuality "1"]
[TimeControl "40/5400+30:1800+30"]

1. d4 Nf6 2. c4 e6 3. Nf3 Bb4+ 4. Bd2 c5 5. Bxb4 cxb4 6. Nbd2 b6 7. e4 Bb7 8. Bd3 O-O 9. e5 Ne8 10. Ne4 f5 11. Nd6 (11. exf6 $14 Nxf6 12. Qc2) 11... Bxf3 ({Black should play} 11... Nxd6 $17 12. exd6 Bxf3 13. Qxf3 Nc6) 12. Qxf3 Nc6 13. Nxe8 Qxe8 14. Qf4 Qg6 15. O-O-O Qg4 16. Qe3 Qxd4 $15 ({Reject} 16... Nxd4 $6 17. f4 $11) 17. Qxd4 Nxd4 18. Bc2 Nxc2 19. Kxc2 Rf7 20. f4 b5 21. cxb5 Rb8 22. Rd6 Rxb5 23. Rhd1 g5 24. g3 gxf4 25. gxf4 Rb7 26. Kb3 Rg7 27. R1d2 Kf8 28. R6d4 a5 29. Ka4 Ra7 30. Kb5 Ke8 31. Rd6 Rg4 32. Kb6 Ra8 33. Rxd7 Rc8 34. Kb7 Rc4 35. h4 Rxh4 36. Rd8+ Kf7 37. R2d7+ Kg6 38. Rg8+ 1-0

[Event "WYCC 2018 G16"]
[Site "Halkidiki"]
[Date "2018.10.21"]
[Round "2"]
[White "Berdnyk, Mariia"]
[Black "Jarocka, Liwia"]
[Result "0-1"]
[ECO "D37"]
[WhiteElo "2179"]
[BlackElo "1990"]
[Annotator "ChessBase"]
[PlyCount "180"]
[EventDate "2018.10.20"]
[EventType "swiss"]
[EventCountry "GRE"]
[SourceTitle "playchess.com"]
[Source "ChessBase"]
[SourceQuality "1"]
[TimeControl "40/5400+30:1800+30"]

1. d4 Nf6 2. c4 e6 3. Nf3 d5 4. Nc3 b6 5. cxd5 exd5 6. e3 Bd6 7. Bd3 O-O 8. O-O Bb7 9. Qc2 c5 10. Rd1 c4 11. Bf1 Nc6 12. b3 cxb3 13. axb3 Rc8 14. Qb2 a5 15. Bd2 Nb4 16. Rdc1 Ne4 17. Nb5 Be7 18. Ne5 f6 19. Nd3 Nxd2 20. Qxd2 Ba6 21. Nc3 Bxd3 22. Bxd3 f5 23. Be2 Rf6 24. Bb5 Bd6 25. Ne2 Rf7 26. Nf4 Rfc7 27. Ne6 Rxc1+ 28. Rxc1 Rxc1+ 29. Qxc1 Qb8 30. g3 Kf7 31. Ng5+ Kg6 32. h4 h6 33. Ne6 Kf6 34. Nf4 Qc7 35. Qb1 Bxf4 36. exf4 Qc2 37. Qe1 Qe4 38. Qc3 Qb1+ 39. Bf1 Qc2 40. Qe3 Qe4 41. Qc3 Qc2 42. Qe1 Qe4 43. Qd1 Qc2 44. Qh5 Qe4 45. Qd1 Nc2 46. Bg2 Qe1+ 47. Qxe1 Nxe1 48. Bxd5 Nc2 49. f3 Nxd4 50. Kf2 Nc2 51. Ke2 Ke7 52. Bg8 Nb4 53. Ke3 Kd6 54. Kd4 b5 55. g4 Nc6+ 56. Kd3 Ne7 57. Bh7 fxg4 58. fxg4 Nd5 59. f5 Nf6 60. Bg6 Nxg4 61. Ke4 Nf6+ 62. Kd4 Nd5 63. Be8 Nc7 64. Bh5 a4 65. bxa4 bxa4 66. Bd1 a3 67. Bb3 Ne8 68. Ba2 Nf6 69. Bb3 Nd7 70. Kc3 Ke5 71. Bc2 Nc5 72. Bb1 Ne4+ 73. Kb4 Nd6 74. Kxa3 Nxf5 75. h5 Ng3 76. Bg6 Kf6 77. Kb4 Kg5 78. Kc4 Nxh5 79. Bf7 Nf4 80. Kd4 Kg4 81. Ke3 g5 82. Kf2 h5 83. Be8 Nd5 84. Kg2 Nf6 85. Bc6 Kf4 86. Kh3 Ne4 87. Bb7 Nf2+ 88. Kg2 Ng4 89. Kh3 Ne5 90. Bd5 g4+ 0-1

[Event "WYCC 2018 G16"]
[Site "Halkidiki"]
[Date "2018.10.21"]
[Round "2"]
[White "Goltseva, Ekaterina"]
[Black "Aciu, Malina-Andreea"]
[Result "1-0"]
[ECO "E52"]
[WhiteElo "2169"]
[BlackElo "1976"]
[Annotator "NA"]
[PlyCount "71"]
[EventDate "2018.10.20"]
[EventType "swiss"]
[EventCountry "GRE"]
[SourceTitle "playchess.com"]
[Source "ChessBase"]
[SourceQuality "1"]
[TimeControl "40/5400+30:1800+30"]

1. d4 Nf6 2. c4 e6 3. Nc3 Bb4 4. e3 O-O 5. Bd3 d5 6. Nf3 b6 7. O-O Bb7 8. cxd5 exd5 9. Ne5 Nbd7 10. f4 {[%emt 0:02:05] E52: Nimzo-Indian: Rubinstein: 4...0-0 5 Nf3 d5 6 Bd3 b6} Qe7 $146 ({Predecessor:} 10... c5 11. Ne2 c4 12. Bc2 Ne8 13. Rf3 Ndf6 14. Nc3 Bc8 15. Nc6 Qd6 16. Nxb4 Qxb4 17. h3 Bb7 18. Bd2 Qe7 {1-0 (89) Navara,D (2741)-Kryvoruchko,Y (2711) Linares 2018}) 11. Qf3 Bxc3 12. bxc3 Ne4 13. c4 f5 14. Qd1 Rad8 15. Qa4 Nxe5 16. fxe5 Qe6 17. Ba3 Rfe8 18. Bxe4 fxe4 19. c5 a5 20. cxb6 cxb6 21. Rac1 Rc8 22. Qb5 Ra8 23. Rf4 Ba6 24. Qb2 Bc4 25. Bd6 b5 26. a3 Rac8 27. Qd2 Ra8 28. Qe1 Rec8 29. h3 $14 h6 30. Qg3 Ra7 31. Rf6 Qd7 32. Rxh6 Ra6 33. Rg6 b4 34. e6 Qxd6 35. Rxg7+ Kf8 36. Rf7+ 1-0

[Event "WYCC 2018 G16"]
[Site "Halkidiki"]
[Date "2018.10.21"]
[Round "2"]
[White "Bach, Ngoc Thuy Duong"]
[Black "De Freitas, Isabella Ribeiro Co"]
[Result "1-0"]
[ECO "D35"]
[WhiteElo "2161"]
[BlackElo "1605"]
[Annotator "NA"]
[PlyCount "75"]
[EventDate "2018.10.20"]
[EventType "swiss"]
[EventCountry "GRE"]
[SourceTitle "playchess.com"]
[Source "ChessBase"]
[SourceQuality "1"]
[TimeControl "40/5400+30:1800+30"]

1. d4 d5 2. c4 e6 3. Nc3 Nf6 4. cxd5 exd5 {[%emt 0:00:01] LiveBook: 7990 Games} 5. Bg5 Nbd7 6. e3 Be7 7. Bd3 O-O 8. Nf3 h6 9. Bh4 b6 10. O-O Bb7 11. Qc2 c5 12. Rad1 c4 {[%emt 0:03:08] D55: Queen's Gambit Declined: 4 Bg5 Be7: Lines without ...h6 and 6...h6 7 Bxf6} (12... Rc8 13. Bf5 g6 14. Bd3 c4 15. Be2 Re8 16. Ne5 Nf8 17. f4 a6 18. a4 Bc6 19. g4 b5 20. axb5 axb5 {½-½ (57) Riazantsev,A (2671)-Marin,M (2539) Tallinn 2016}) 13. Bf5 Re8 14. Bg3 a6 15. a4 $146 ({Predecessor:} 15. Ne5 Nf8 16. e4 b5 17. Ng4 Nxe4 18. Nxe4 dxe4 {0-1 (46) Bregadze,L (2394)-Goganov,A (2299) Kemer 2007}) 15... Bc6 16. Ne5 Nxe5 17. dxe5 Nh5 18. e6 Nxg3 19. exf7+ $18 ({Much less strong is} 19. hxg3 $6 Qd6 $18) 19... Kxf7 20. hxg3 Qd6 21. Nxd5 Bxd5 22. e4 g6 23. Rxd5 Qb4 24. Bd7 Red8 25. Rfd1 Ra7 26. e5 h5 27. Be6+ Kg7 28. Rxd8 Bxd8 29. Rxd8 Kh7 30. Rg8 Rg7 31. Rxg7+ Kxg7 32. Qc3 Qxa4 33. Bxc4 b5 34. e6+ Kh7 35. Bb3 Qa1+ 36. Kh2 h4 37. e7 h3 38. e8=Q 1-0

[Event "WYCC 2018 G16"]
[Site "Halkidiki"]
[Date "2018.10.21"]
[Round "2"]
[White "Gomez Barrera, Javiera Belen"]
[Black "Djidjeli, Sarah"]
[Result "1/2-1/2"]
[ECO "B32"]
[WhiteElo "2136"]
[BlackElo "1952"]
[Annotator "NA"]
[PlyCount "66"]
[EventDate "2018.10.20"]
[EventType "swiss"]
[EventCountry "GRE"]
[SourceTitle "playchess.com"]
[Source "ChessBase"]
[SourceQuality "1"]
[TimeControl "40/5400+30:1800+30"]

1. e4 c5 2. Nf3 Nc6 3. d4 cxd4 4. Nxd4 e5 5. Nb5 d6 6. N1c3 a6 7. Na3 Be7 8. Nd5 Nf6 9. Nxf6+ Bxf6 {[%emt 0:01:50] LiveBook: 67 Games} 10. Nc4 O-O 11. Be3 Nd4 12. c3 b5 13. cxd4 exd4 14. Bxd4 $11 bxc4 15. Bxf6 Qxf6 16. Bxc4 Bb7 17. Bd5 Bxd5 18. Qxd5 Rab8 19. O-O Rxb2 20. Rab1 Rxb1 21. Rxb1 g6 22. Qc4 a5 23. Qd5 a4 24. Qc4 a3 25. g3 Re8 26. Qd3 Qe5 27. Qxa3 Qxe4 28. Rd1 Qc2 29. Qxd6 Qxa2 30. Qf6 Qb3 31. Ra1 Qb4 32. Kg2 Qe4+ 33. Kg1 Qb4 1/2-1/2

[Event "WYCC 2018 G16"]
[Site "Halkidiki"]
[Date "2018.10.21"]
[Round "2"]
[White "Ouellet, Maili-Jade"]
[Black "Nguyen, Vu Thu Hien"]
[Result "0-1"]
[ECO "D51"]
[WhiteElo "2122"]
[BlackElo "1841"]
[Annotator "NA"]
[PlyCount "178"]
[EventDate "2018.10.20"]
[EventType "swiss"]
[EventCountry "GRE"]
[SourceTitle "playchess.com"]
[Source "ChessBase"]
[SourceQuality "1"]
[TimeControl "40/5400+30:1800+30"]

1. d4 d5 2. c4 e6 3. Nc3 Nf6 4. Bg5 Nbd7 5. cxd5 exd5 6. e3 Be7 7. Bd3 c6 8. Qc2 O-O 9. Nf3 h6 10. Bh4 Re8 11. O-O Ne4 12. Bxe7 Qxe7 13. b4 Ndf6 14. Rab1 Nxc3 {[%emt 0:00:50] D36: Damengambit (Abtauschvariante)} (14... Bf5 15. Rfc1 a6 16. a4 Ng4 17. Bxe4 Bxe4 18. Nxe4 dxe4 19. Nd2 Qh4 20. Nf1 Re6 21. h3 Nf6 22. b5 axb5 23. axb5 {½-½ (62) Tomczak,M (2383)-Nevednichy,V (2551) Graz 2018}) 15. Qxc3 Ne4 16. Qc2 a6 17. a4 f6 18. Nd2 Bd7 $146 ({Vorgänger:} 18... Nxd2 19. Qxd2 f5 20. Rfc1 Bd7 21. b5 axb5 22. axb5 {1-0 (31) Pihlajasalo,H-Helin,T Espoo 1996}) 19. Rfe1 Kh8 20. f3 Nxd2 21. Qxd2 Qd6 22. g4 Rf8 23. Bf5 Be8 24. Qc2 Rd8 25. Kh1 Rf7 26. Rg1 Re7 27. Rb3 Bf7 28. Rg3 Rg8 29. Rh3 Rge8 30. f4 Be6 31. Bg6 Rf8 32. Rg3 Bf7 33. Bf5 Be6 34. Bd3 Bd7 35. Qg2 Ref7 36. Bg6 Re7 37. Bb1 Re6 38. Qc2 Re4 39. Qc5 Re6 40. Bf5 Rfe8 41. Bxe6 Qxe6 42. Qc2 Qd6 43. Rb1 Qe7 44. Kg2 Rf8 45. h4 Rf7 46. Kf2 Kg8 47. Ke2 Qe8 48. Rbg1 Re7 49. Kf2 Rf7 50. g5 fxg5 51. hxg5 h5 52. g6 Rf6 53. Rg5 Bg4 54. Rg3 Qf8 55. Qd2 Qd6 (55... Rf5 $14 56. Rxf5 Qxf5) 56. Re5 Rxg6 57. Ke1 Qf6 58. Rg1 Qf8 59. Qb2 Qd8 60. Kd2 Qh4 61. Kc3 Qd8 (61... Bf5 $1 $11 {keeps the balance.} 62. Rf1 Rg3) 62. Qc2 Kf7 {[%emt 0:06:50] [#]} 63. Kb3 $2 (63. Rxg4 $1 $18 {[%mdl 512] and the rest is easy.} hxg4 (63... Rxg4 64. Qf5+) 64. Qf5+ Qf6 65. Qc8) 63... Qb6 64. Qc5 Qxc5 65. dxc5 Re6 66. Rxe6 Kxe6 67. Kc3 g6 68. Kd4 Bf5 69. Rh1 Bc2 70. Ra1 Be4 71. b5 h4 72. bxa6 bxa6 73. Ra2 h3 74. Rh2 Bg2 75. Kc3 Kf5 76. Kb4 $19 Ke4 77. Ka5 Kxe3 78. Kxa6 d4 79. Kb7 d3 80. a5 d2 81. a6 d1=Q 82. a7 Qd7+ 83. Kb8 Qe8+ 84. Kb7 Qf7+ 85. Kb6 Qb3+ 86. Kc7 Qa4 87. Kb7 Kxf4 88. a8=Q Qxa8+ 89. Kxa8 Kg3 0-1

[Event "WYCC 2018 G16"]
[Site "Halkidiki"]
[Date "2018.10.21"]
[Round "2"]
[White "Grigorieva, Yulia"]
[Black "Hajiyeva, Laman"]
[Result "1-0"]
[ECO "D30"]
[WhiteElo "2112"]
[BlackElo "1916"]
[Annotator "NA"]
[PlyCount "91"]
[EventDate "2018.10.20"]
[EventType "swiss"]
[EventCountry "GRE"]
[SourceTitle "playchess.com"]
[Source "ChessBase"]
[SourceQuality "1"]
[TimeControl "40/5400+30:1800+30"]

1. d4 d5 2. c4 c6 3. Nf3 Nf6 4. Nbd2 e6 5. e3 c5 6. b3 Nc6 {[%emt 0:01:36] D30: Queen's Gambit Declined: Systems without Nc3} 7. Bb2 Bd6 (7... cxd4 8. exd4 Be7 9. Rc1 O-O 10. Bd3 b6 11. O-O Bb7 12. Qe2 Rc8 13. Rfd1 Re8 14. Qe3 Bf8 15. Ne5 Nxe5 16. dxe5 Nd7 17. Nf3 g6 18. Nd4 Nc5 19. Bf1 a6 20. Ba3 {0-1 (57) Korobov,A (2719)-Ter Sahakyan,S (2572) Yerevan 2014}) 8. dxc5 Bxc5 9. a3 d4 $146 ({Predecessor:} 9... a6 10. Qc2 Qe7 11. b4 Ba7 12. cxd5 exd5 13. Bd3 {0-1 (43) Krivenko,S (2326)-Efanov,N (2421) Moscow 2011}) 10. exd4 Nxd4 11. b4 Qb6 (11... Nxf3+ $1 $11 {keeps the balance.} 12. Nxf3 Qxd1+ 13. Rxd1 Be7) 12. Bxd4 Bxd4 13. c5 Qd8 14. Bb5+ Ke7 15. Rc1 a5 16. Nc4 e5 17. Nd6 axb4 18. axb4 Bg4 19. Qb3 Be6 20. Bc4 b6 21. Nxd4 exd4 22. O-O Qd7 23. Rfe1 Rhe8 24. Nxe8 Nxe8 25. cxb6 Rb8 26. b5 Rxb6 27. Qb4+ Qd6 28. Qxd6+ Nxd6 29. Bxe6 fxe6 30. Rc7+ Kf6 31. Rc6 Rxc6 32. bxc6 e5 33. f3 Ke6 34. Kf2 g5 35. c7 Kd5 36. Rb1 Kc6 37. Rc1+ Kd7 38. Ke2 Kc8 39. Kd3 Nb5 40. Rc5 Nxc7 41. Rxe5 h6 42. Kxd4 Kd7 43. Ke4 Ne6 44. Kf5 $18 Nd4+ 45. Kg6 Nc6 46. Re4 1-0

[Event "WYCC 2018 G16"]
[Site "Halkidiki"]
[Date "2018.10.21"]
[Round "2"]
[White "Palma, Maria"]
[Black "Akti, Ezgi"]
[Result "1-0"]
[ECO "A13"]
[WhiteElo "2106"]
[BlackElo "1643"]
[Annotator "NA"]
[PlyCount "47"]
[EventDate "2018.10.20"]
[EventType "swiss"]
[EventCountry "GRE"]
[SourceTitle "playchess.com"]
[Source "ChessBase"]
[SourceQuality "1"]
[TimeControl "40/5400+30:1800+30"]

1. c4 e6 2. Nf3 Nf6 3. g3 d5 4. b3 Be7 5. Bg2 Nbd7 6. O-O O-O 7. Bb2 Re8 8. d4 {[%emt 0:06:32] A14: English Opening: 1...e6 with b3 by White} (8. Qc2 Bf8 9. d3 c6 10. Nbd2 e5 11. e3 b6 12. a3 a5 13. Bc3 Bb7 14. b4 a4 15. Bb2 b5 {1-0 (47) Markowski,T (2629)-Leniart,A (2439) Warsaw 2009}) 8... c5 9. cxd5 exd5 10. Nc3 Nb6 11. Rc1 c4 $146 ({Predecessor:} 11... Bf5 12. dxc5 Bxc5 13. Nd4 Bg6 14. a4 a5 15. Ncb5 Rc8 {½-½ (32) Trauth,M (2199)-Duruz,N (1912) Arco 2013}) 12. Ne5 Ng4 13. bxc4 Nxe5 14. dxe5 Nxc4 15. Ba1 Bg5 16. Nxd5 Bxc1 17. Qxc1 Nxe5 18. Nc7 Bd7 19. Nxa8 Qxa8 20. Qc7 Re7 21. Bxe5 Qe8 22. Bf4 Rxe2 23. Rd1 Re7 $18 24. Qb8 1-0

[Event "WYCC 2018 G16"]
[Site "Halkidiki"]
[Date "2018.10.21"]
[Round "2"]
[White "Kucharska, Honorata"]
[Black "Golsta, Ramona"]
[Result "1/2-1/2"]
[ECO "C42"]
[WhiteElo "2073"]
[BlackElo "1681"]
[Annotator "NA"]
[PlyCount "69"]
[EventDate "2018.10.20"]
[EventType "swiss"]
[EventCountry "GRE"]
[SourceTitle "playchess.com"]
[Source "ChessBase"]
[SourceQuality "1"]
[TimeControl "40/5400+30:1800+30"]

1. e4 e5 2. Nf3 Nf6 3. Nxe5 d6 4. Nf3 Nxe4 5. Nc3 Nxc3 6. dxc3 Be7 7. Be3 Nc6 8. Qd2 Bf5 9. O-O-O O-O 10. h3 {[%emt 0:02:32] LiveBook: 3 Games} Bf6 11. Rg1 {[%emt 0:09:43] C42: Petroff Defence: 3 Nxe5 and unusual White 3rd moves} (11. g4 Be4 12. Bg2 Ne5 13. Nxe5 Bxg2 14. Rh2 Be4 15. Nd3 Bh4 16. g5 Qd7 17. Rg1 f5 18. Nf4 Qa4 {0-1 (69) Bortnyk,O (2170)-Pihlajasalo,A (2441) ICC INT 2009}) 11... Be4 12. Ng5 $146 ({Predecessor:} 12. Be2 Ne5 13. Ng5 Bxg5 14. Bxg5 Qd7 15. g4 Bf3 16. Rg3 Bxe2 17. Qxe2 Qa4 18. Kb1 Rfe8 {½-½ (55) Winiwarter,F (2117)-Teuber,A (2208) Austria 2016}) 12... Bg6 13. f4 h6 14. Nf3 Re8 15. Bd3 Bxd3 16. cxd3 Qe7 17. Rde1 Qe6 18. c4 Qf5 19. g4 Qa5 20. Qxa5 Nxa5 21. g5 hxg5 22. fxg5 Be7 23. h4 Nc6 24. Bd2 Bf8 25. d4 g6 26. Kc2 Bg7 27. Kd3 Ne7 28. Re2 Nf5 29. Rge1 Kf8 30. b3 Rxe2 31. Rxe2 Re8 32. Rxe8+ Kxe8 33. Bf4 Kd7 34. Ke4 Ne7 $11 35. Bh2 1/2-1/2

[Event "WYCC 2018 G16"]
[Site "Halkidiki"]
[Date "2018.10.21"]
[Round "2"]
[White "Rudzinska, Michalina"]
[Black "Maltsevskaya, Aleksandra"]
[Result "1/2-1/2"]
[ECO "B35"]
[WhiteElo "2073"]
[BlackElo "2290"]
[Annotator "NA"]
[PlyCount "53"]
[EventDate "2018.10.20"]
[EventType "swiss"]
[EventCountry "GRE"]
[SourceTitle "playchess.com"]
[Source "ChessBase"]
[SourceQuality "1"]
[TimeControl "40/5400+30:1800+30"]

1. e4 c5 2. Nc3 Nc6 3. Nf3 g6 4. d4 cxd4 5. Nxd4 Bg7 6. Be3 Nf6 7. Bc4 O-O 8. Bb3 d5 9. exd5 {[%emt 0:00:14] B35: Sicilian: Accelerated Dragon with 5 Nc3: main line} Na5 10. Nf3 (10. O-O Nxb3 11. Nxb3 b6 12. d6 e6 13. Qf3 Rb8 14. Rfd1 Bb7 15. Qh3 Rc8 16. Bd4 Nd5 17. Nxd5 Bxd5 18. Bxg7 Kxg7 {1-0 (34) Vachier Lagrave,M (2796)-Gelfand,B (2719) Palma de Mallorca 2017}) 10... b6 {[%emt 0:11:56] LiveBook: 4 Games} 11. Qd2 Bb7 12. Rd1 $146 ({Predecessor:} 12. O-O-O Qc7 13. d6 exd6 14. Qxd6 Qxd6 15. Rxd6 Ng4 16. Bd5 Nxe3 17. fxe3 Bxc3 18. bxc3 Bxd5 19. Rxd5 {1-0 (59) Bogdanov,E (2400)-Bedouin,X (2353) Sautron 2016}) 12... Ba6 13. Bh6 Qd6 14. Bxg7 Kxg7 15. Ne2 Rfd8 16. O-O Qc7 17. Nfd4 Nxb3 18. axb3 Rxd5 19. c4 Rd7 20. Qg5 Qc5 21. Qe3 e5 22. Nf5+ Kg8 23. Nh6+ Kg7 24. Nf5+ Kg8 25. Nh6+ Kg7 26. Nf5+ Kg8 $16 27. Nh6+ 1/2-1/2

[Event "WYCC 2018 G16"]
[Site "Halkidiki"]
[Date "2018.10.21"]
[Round "2"]
[White "Srdanovic, Jovana"]
[Black "Muetsch, Annmarie"]
[Result "1-0"]
[ECO "E71"]
[WhiteElo "2072"]
[BlackElo "2206"]
[Annotator "NA"]
[PlyCount "121"]
[EventDate "2018.10.20"]
[EventType "swiss"]
[EventCountry "GRE"]
[SourceTitle "playchess.com"]
[Source "ChessBase"]
[SourceQuality "1"]
[TimeControl "40/5400+30:1800+30"]

1. d4 Nf6 2. c4 g6 3. Nc3 Bg7 4. e4 d6 5. h3 O-O 6. Be3 Nc6 {[%emt 0:01:49] E71: Königsindisch (5.h3)} (6... c5 7. Nf3 cxd4 8. Nxd4 a6 9. Be2 b6 10. Bf3 Bb7 11. e5 Bxf3 12. Nxf3 dxe5 13. Qxd8 Rxd8 14. Bxb6 Rc8 15. Nd2 Nfd7 16. Be3 {1-0 (64) Jones,G (2666)-Perez Candelario,M (2611) Linares 2018}) 7. d5 {[%emt 0:25:07] LiveBook: 10 Games} Nb4 8. a3 Na6 9. Qc2 c6 10. Nf3 cxd5 $146 ({Vorgänger:} 10... Nc7 11. Bd3 e5 12. Rd1 c5 13. O-O Nh5 14. Nd2 Nf4 15. Ne2 {0-1 (23) Budanovic,R-Viskic,P (2248) Sv Filip i Jakov 2001}) 11. cxd5 Qa5 12. Nd2 Bd7 13. Be2 Rfc8 14. O-O Be8 15. Rac1 Nd7 16. Nb3 Qd8 17. Qb1 Ndc5 18. Nd2 Na4 19. Nxa4 Bxa4 20. b3 Bd7 21. b4 Nc7 22. Nc4 Nb5 23. Bd2 Nd4 24. Bd3 b5 25. Na5 $1 Bxh3 26. Be3 Qd7 27. f3 Be5 28. Qa2 Rxc1 29. Rxc1 Bg4 30. Qf2 Nf5 31. exf5 Bxf5 32. Bxf5 Qxf5 33. Nc6 Bf6 34. Qd2 Re8 35. Re1 Bh4 36. Bf2 Bg5 37. Qd4 Bf6 38. Qe4 Qh5 39. Bg3 e5 40. Qg4 Qxg4 41. fxg4 a6 42. Rc1 Bg5 43. Rc2 f5 44. gxf5 gxf5 45. Kf1 h5 46. Na7 h4 47. Bf2 f4 (47... e4 {keeps fighting.} 48. Bd4 e3) 48. Rc8 Kf7 49. Rc7+ Kg6 50. Rc6 e4 51. Rxd6+ ({Don't play} 51. Rxa6 e3 $18) 51... Kf5 (51... Kf7 {war einen Versuch wert.} 52. Rxa6 e3 53. Nxb5 Re5) 52. Rxa6 h3 53. gxh3 Rh8 54. Nxb5 f3 55. Re6 Rxh3 56. Nd6+ Kg4 57. Rxe4+ Bf4 58. Be3 Rh1+ 59. Kf2 $18 Rh2+ 60. Kg1 f2+ 61. Bxf2 1-0

[Event "WYCC 2018 G16"]
[Site "Halkidiki"]
[Date "2018.10.21"]
[Round "2"]
[White "Meenal Gupta"]
[Black "Sanabria Taskila, Jenny Maria"]
[Result "1-0"]
[ECO "B64"]
[WhiteElo "2065"]
[BlackElo "1728"]
[Annotator "NA"]
[PlyCount "95"]
[EventDate "2018.10.20"]
[EventType "swiss"]
[EventCountry "GRE"]
[SourceTitle "playchess.com"]
[Source "ChessBase"]
[SourceQuality "1"]
[TimeControl "40/5400+30:1800+30"]

1. e4 c5 2. Nf3 d6 3. d4 cxd4 4. Nxd4 Nf6 5. Nc3 Nc6 6. Bg5 e6 7. Qd2 Be7 8. O-O-O O-O 9. f4 h6 10. Bxf6 {[%emt 0:15:13] LiveBook: 58 Games} Bxf6 11. Nb3 Qb6 12. Na4 Qb4 13. Qxb4 Nxb4 $16 14. a3 Nc6 15. Rxd6 Be7 16. Rd1 b6 17. e5 g5 18. g3 Bb7 19. Bg2 Rfd8 20. Nc3 Rac8 21. Rxd8+ Rxd8 22. Rd1 Kg7 23. Rxd8 Nxd8 24. Bxb7 Nxb7 25. Ne4 Kg6 26. Kd2 gxf4 27. gxf4 Kf5 28. Ke3 Kg4 29. Nf2+ Kh4 30. Nd4 Na5 31. Kd3 a6 32. b4 Nb7 33. Nc6 Bf8 34. Ke4 a5 35. c3 Kh5 36. a4 Kg6 37. Nd1 f5+ 38. Kd4 Kf7 39. Ne3 Ke8 40. Kc4 Kd7 41. Kb5 Nd8 42. Nxd8 Kxd8 43. Nc4 axb4 44. cxb4 Kc7 45. Nxb6 Bxb4 46. Na8+ Kb7 47. Kxb4 Kxa8 48. Kc5 1-0

[Event "WYCC 2018 G16"]
[Site "Halkidiki"]
[Date "2018.10.21"]
[Round "2"]
[White "Sankova, Stella"]
[Black "Kalyva, Kyriaki"]
[Result "0-1"]
[ECO "B23"]
[WhiteElo "2051"]
[BlackElo "1779"]
[Annotator "NA"]
[PlyCount "106"]
[EventDate "2018.10.20"]
[EventType "swiss"]
[EventCountry "GRE"]
[SourceTitle "playchess.com"]
[Source "ChessBase"]
[SourceQuality "1"]
[TimeControl "40/5400+30:1800+30"]

1. e4 c5 2. Nc3 a6 3. f4 b5 4. Nf3 Bb7 5. d3 Nf6 6. g3 e6 7. Bg2 d5 {[%emt 0:02:42] B23: Closed Sicilian: Lines without g3} (7... d6 8. O-O Be7 9. a4 b4 10. Ne2 c4 11. b3 cxd3 12. cxd3 O-O 13. h3 Nc6 14. g4 Nd7 15. g5 {1-0 (51) Duda,J (2717)-Fedorchuk,S (2648) Katowice 2017}) 8. e5 Nfd7 9. O-O Nc6 10. f5 Be7 11. fxe6 fxe6 12. Bh3 Nf8 13. Ne2 $146 ({Predecessor:} 13. Ng5 Bxg5 14. Qh5+ g6 15. Qxg5 Qxg5 16. Bxg5 {1-0 (34) Ahlander,B (2426)-Kelires,A (2249) Rethymno 2014}) 13... Qd7 14. a4 b4 15. c3 O-O-O 16. cxb4 Nxb4 17. d4 Nc6 18. Be3 Rg8 19. dxc5 g5 20. g4 Ng6 21. Bd4 Qc7 22. Rc1 Rdf8 23. Qd3 Nb4 24. Qd2 Nc6 25. Qc3 Nf4 26. Nxf4 Rxf4 27. Be3 Rc4 28. Qd3 Nxe5 29. Nxe5 Qxe5 30. b3 Re4 31. c6 Rxe3 32. cxb7+ Kxb7 33. Qxh7 Rg7 34. Qh8 Bd6 35. Bg2 Rc7 36. Rxc7+ Bxc7 37. Qxe5 Bxe5 38. Rf7+ Kb6 39. Re7 Bd4 40. Kf1 Kc6 41. Re8 Kd6 42. Ra8 Rxb3 43. Rxa6+ Ke5 44. Ke2 Rb2+ 45. Kf3 Rf2+ $2 (45... Bf2 $19 46. Bf1 Be1) 46. Kg3 Be3 47. Ra8 Kd4 48. a5 $2 (48. h4) 48... e5 49. a6 $2 (49. h4 gxh4+ 50. Kh3) 49... Rf6 $2 (49... Rb2 $19 50. Kh3 Bf4) 50. Bf3 $2 (50. h4 $11 {and White is okay.}) 50... e4 51. Be2 $2 (51. Bd1 Rf2 52. h4) 51... Rf2 52. Bb5 Rb2 53. Bc6 Bf4+ 0-1

[Event "WYCC 2018 G16"]
[Site "Halkidiki"]
[Date "2018.10.21"]
[Round "2"]
[White "Cramling Bellon, Anna"]
[Black "Plaza Reino, Mercedes"]
[Result "1-0"]
[ECO "D35"]
[WhiteElo "2025"]
[BlackElo "1727"]
[Annotator "NA"]
[PlyCount "59"]
[EventDate "2018.10.20"]
[EventType "swiss"]
[EventCountry "GRE"]
[SourceTitle "playchess.com"]
[Source "ChessBase"]
[SourceQuality "1"]
[TimeControl "40/5400+30:1800+30"]

1. d4 d5 2. c4 e6 3. Nc3 Nf6 4. cxd5 exd5 5. Bg5 Be7 6. e3 h6 7. Bh4 c6 8. Bd3 O-O 9. Qc2 Nbd7 10. Nf3 Re8 11. Bg3 Nf8 12. O-O Bd6 {[%emt 0:14:43] LiveBook: 3 Games} 13. Bxd6 Qxd6 $11 14. h3 b6 15. Ne5 Bb7 16. Ne2 c5 17. Ng3 a6 18. Nf5 Qe6 19. Qe2 N8d7 20. f4 Kh8 21. Nd6 Reb8 22. Bf5 Qe7 23. Ndxf7+ Kg8 24. Bxd7 Nxd7 25. Nxh6+ gxh6 26. Qg4+ Qg7 27. Nxd7 Rd8 28. Qxg7+ Kxg7 29. Nxb6 Rab8 30. dxc5 1-0